 Dungeon Crawl Stone Soup version 0.31.0-4-g52a2dc7128 (webtiles) character file.

Game seed: 5153774879979657403

3603298 MollyMolluskus the Middleweight Champion (level 27, 218/224 HPs)
             Began as an Octopode Fighter on Jan 20, 2024.
             Was a High Priest of Wu Jian.
             Escaped with the Orb
             ... and 5 runes on Jan 21, 2024!
             The game lasted 07:09:31 (58938 turns).

MollyMolluskus the Middleweight Champion (OpFi)    Turns: 58938, Time: 07:09:32

Health: 218/224    AC: 18    Str: 30    XL:     27
Magic:  39/41      EV: 54    Int: 19    God:    Wu Jian [*****.]
Gold:   7695       SH:  0    Dex: 23    Spells: 35/38 levels left

rFire   + . .        b - melded +9 dagger (elec)
rCold   + + .        R - melded +5 kite shield {reflect}
rNeg    + + .        Y - melded +2 hood of the Assassin {Detect Stab+ Stlth++}
rPois   ∞            u - amulet of Ignis's Condemnation {Spirit rElec rF- Regen+ Stlth+}
rElec   +            m - ring "Loqaymopn" {rN+ MP+9 Int+5}
rCorr   .            L - ring "Boimnit" {rF+ Dex+4 SInv}
SInv    +            M - ring of Misus {EV+5 Dex+4 Slay+2}
Will    +++++        s - ring of Awe {Fly rF+ rC+ Will++ Str-2}
Stlth   +            y - +6 ring of strength
HPRegen 2.17/turn    N - ring "Lotiduhu" {Fly rC+ Int+3 Dex+3 Slay+2}
MPRegen 0.27/turn    q - ring of willpower
                     U - ring "Wilyh" {rN+ AC+4}

%: guardian spirit
@: storm-form, flying, glowing, studying 2 skills
A: cleaving, insubstantial, flying, almost no armour, amphibious, 8 rings,
(camouflage 1), (gelatinous body 1), (nimble swimmer 1), (tentacles), (antennae
1), (tentacle spike 1), (iridescent scales 1), see invisible, deterioration 1,
(fire resistance 1), sense surroundings 1, (poison resistance), regeneration 1,
weak 1, wild magic 1, inability to drink after injury 2
0: Orb of Zot
}: 5/15 runes: barnacled, silver, golden, abyssal, gossamer
a: Blinkbolt, Begin Untransformation, Renounce Religion, Wall Jump, Serpent's
Lash, Heavenly Storm


You escaped.
You worshipped Wu Jian.
Wu Jian was extremely pleased with you.
You were a lightning-filled tempest!
You visited 13 branches of the dungeon, and saw 59 of its levels.
You visited the Abyss 1 time.
You visited 1 bazaar.
You also visited: Trove and Ossuary.

You collected 10255 gold pieces.
You spent 2560 gold pieces at shops.

Inventory:

Hand Weapons
 b - a +9 dagger of electrocution (melded)
Missiles
 t - 17 curare-tipped darts (quivered)
 K - 15 javelins
Armour
 R - a +5 kite shield of reflection (melded)
 Y - the +2 hood of the Assassin (melded) {Detect Stab+ Stlth++}
   (You found it on level 5 of the Vaults)

   Detect:    It allows the wearer to sense nearby creatures.
   Stab+:     It allows the wearer to make particularly effective stabbing
   attacks against helpless or unaware enemies with any weapon.
   Stlth++:   It makes you much more stealthy.
Jewellery
 m - the ring "Loqaymopn" (left tentacle) {rN+ MP+9 Int+5}
   (You took it off a deep elf blademaster on level 3 of the Elven Halls)

   [ring of magical power]

   Int+5:     It affects your intelligence (+5).
   rN+:       It protects you from negative energy.
   MP+9:      It affects your magic capacity (+9).
 o - a ring of protection from fire
 q - a ring of willpower (on tentacle)
 s - the ring of Awe (on tentacle) {Fly rF+ rC+ Will++ Str-2}
   (You found it on level 3 of the Tomb of the Ancients)

   [ring of protection from cold]

   Str-2:     It affects your strength (-2).
   rF+:       It protects you from fire.
   rC+:       It protects you from cold.
   Will++:    It greatly increases your willpower.
   Fly:       It grants you flight.
 u - the amulet of Ignis's Condemnation (around neck) {Spirit rElec rF- Regen+ Stlth+}
   (You acquired it on level 7 of the Dungeon)

   [amulet of guardian spirit]

   Spirit:    It causes incoming damage to be divided between your reserves of
   health and magic.
   rF-:       It makes you vulnerable to fire.
   rElec:     It insulates you from electricity.
   Regen+:    It increases your rate of health regeneration.
   Stlth+:    It makes you more stealthy.
 y - a +6 ring of strength (on tentacle)
 B - a ring of protection from cold
 E - a ring of protection from fire
 G - a +4 ring of protection
 H - a ring of resist corrosion
 L - the ring "Boimnit" (right tentacle) {rF+ Dex+4 SInv}
   (You found it on level 5 of the Vaults)

   [ring of protection from fire]

   Dex+4:     It affects your dexterity (+4).
   rF+:       It protects you from fire.
   SInv:      It lets you see invisible.
 M - the ring of Misus (on tentacle) {EV+5 Dex+4 Slay+2}
   (You found it on level 4 of the Shoals)

   [ring of evasion]

   EV+5:      It affects your evasion (+5).
   Dex+4:     It affects your dexterity (+4).
   Slay+2:    It affects your accuracy & damage with ranged weapons and melee
   (+2).
 N - the ring "Lotiduhu" (on tentacle) {Fly rC+ Int+3 Dex+3 Slay+2}
   (You found it on level 3 of the Tomb of the Ancients)

   [ring of flight]

   Int+3:     It affects your intelligence (+3).
   Dex+3:     It affects your dexterity (+3).
   Slay+2:    It affects your accuracy & damage with ranged weapons and melee
   (+2).
   rC+:       It protects you from cold.
   Fly:       It grants you flight.
 S - a +4 ring of protection
 U - the ring "Wilyh" (on tentacle) {rN+ AC+4}
   (You found it on level 4 of the Realm of Zot)

   [ring of protection]

   AC+4:      It affects your AC (+4).
   rN+:       It protects you from negative energy.
Talismans
 j - a granite talisman
 w - a storm talisman (active)
 Q - a maw talisman
Wands
 d - a wand of digging (21)
 e - a wand of roots (45)
 l - a wand of quicksilver (51)
 n - a wand of flame (84)
 J - a wand of mindburst (33)
Scrolls
 c - 11 scrolls of fog
 g - 9 scrolls of poison
 h - a scroll of teleportation
 r - a scroll of summoning
 x - 5 scrolls of silence
 A - 7 scrolls of blinking
 V - 6 scrolls of fear
 X - 7 scrolls of immolation
Potions
 a - 11 potions of attraction
 f - a potion of cancellation
 i - 17 potions of curing
 k - a potion of resistance
 z - 4 potions of enlightenment
 D - 8 potions of ambrosia
 F - 2 potions of heal wounds
 P - 2 potions of berserk rage
Miscellaneous
 p - a sack of spiders
 C - a phial of floods
 O - a phantom mirror
 W - a figurine of a ziggurat
 Z - a lightning rod (4/4)


   Skills:
 O Level 27 Fighting
 - Level 8.0 Short Blades
 - Level 4.0 Throwing
 - Level 14.1 Dodging
 - Level 8.0 Stealth
 - Level 6.0 Shields
 O Level 27 Unarmed Combat
 - Level 6.3 Spellcasting
 - Level 5.4 Necromancy
 - Level 4.1 Evocations
 + Level 26.2 Shapeshifting


You had 35 spell levels left.
You knew the following spells:

 Your Spells              Type           Power      Damage    Failure   Level
a - Fugue of the Fallen   Necr           34%        N/A       6%          3

Your spell library contained the following spells:

 Spells                   Type           Power      Damage    Failure   Level
 Necrotise                Necr           100%       1d9       2%          1
 Kiss of Death            Conj/Necr      84%        2d11      6%          1
 Vampiric Draining        Necr           34%        2d8       6%          3
 Foxfire                  Conj/Fire      28%        2x1d5     16%         1
 Magic Dart               Conj           28%        1d4       16%         1
 Sandblast                Erth           14%        2d6       16%         1
 Shock                    Conj/Air       28%        1d4       16%         1
 Slow                     Hex            28%        N/A       16%         1
 Animate Dead             Necr           34%        N/A       17%         4
 Dispel Undead            Necr           34%        3d15      17%         4
 Blink                    Tloc           14%        N/A       24%         2
 Call Imp                 Summ           14%        N/A       24%         2
 Ensorcelled Hibernation  Hex/Ice        14%        N/A       24%         2
 Jinxbite                 Hex            14%        N/A       24%         2
 Lesser Beckoning         Tloc           14%        N/A       24%         2
 Mercury Vapours          Alch/Air       14%        N/A       24%         2
 Momentum Strike          Conj/Tloc      14%        3d8       24%         2
 Searing Ray              Conj           14%        2d5       24%         2
 Static Discharge         Conj/Air       14%        3-4/arc   24%         2
 Call Canine Familiar     Summ           7%         N/A       41%         3
 Confusing Touch          Hex            7%         N/A       41%         3
 Dazzling Flash           Conj/Hex       14%        N/A       41%         3
 Frozen Ramparts          Ice            14%        1d3       41%         3
 Inner Flame              Hex/Fire       7%         N/A       41%         3
 Mephitic Cloud           Conj/Alch/Air  7%         N/A       41%         3
 Ozocubu's Armour         Ice            7%         N/A       41%         3
 Passwall                 Erth           7%         N/A       41%         3
 Sigil of Binding         Hex            7%         N/A       41%         3
 Stone Arrow              Conj/Erth      14%        3d7       41%         3
 Swiftness                Air            7%         N/A       41%         3
 Tukima's Dance           Hex            7%         N/A       41%         3
 Volatile Blastmotes      Fire/Tloc      14%        2d11      41%         3
 Curse of Agony           Necr           34%        N/A       41%         5
 Anguish                  Hex/Necr       10%        N/A       43%         4
 Martyr's Knell           Necr/Summ      21%        N/A       43%         4
 Borgnjor's Vile Clutch   Necr/Erth      10%        N/A       77%         5
 Airstrike                Air            3%         2d(1-17)  80%         4
 Brom's Barrelling Bould  Conj/Erth      7%         2d3       80%         4
 Cause Fear               Hex            3%         N/A       80%         4
 Dimensional Bullseye     Hex/Tloc       3%         N/A       80%         4
 Flame Wave               Conj/Fire      7%         2d5       80%         4
 Fulminant Prism          Conj/Alch      3%         3d5       80%         4
 Ignite Poison            Fire/Alch      7%         N/A       80%         4
 Iskenderun's Mystic Bla  Conj/Tloc      7%         2d4       80%         4
 Petrify                  Alch/Erth      7%         N/A       80%         4
 Sticky Flame             Fire/Alch      7%         2d4       80%         4
 Summon Lightning Spire   Summ/Air       7%         N/A       80%         4
 Alistair's Intoxication  Alch           4%         N/A       98%         5
 Arcjolt                  Conj/Air       3%         1d13      98%         5
 Fireball                 Conj/Fire      3%         3d4       98%         5
 Freezing Cloud           Conj/Ice/Air   3%         6-21      98%         5
 Irradiate                Conj/Alch      3%         3d12      98%         5
 Iskenderun's Battlesphe  Conj           7%         2d6       98%         5
 Lee's Rapid Deconstruct  Erth           3%         3d5*      98%         5
 Metabolic Englaciation   Hex/Ice        3%         N/A       98%         5
 Yara's Violent Unravell  Hex/Alch       3%         3d4       98%         5
 Conjure Ball Lightning   Conj/Air       3%         3x3d6     100%        6
 Eringya's Noxious Bog    Alch           3%         4d6       100%        6
 Sculpt Simulacrum        Ice/Alch       3%         N/A       100%        6
 Starburst                Conj/Fire      3%         6d3       100%        6
 Enfeeble                 Hex            3%         N/A       100%        7
 Haunt                    Necr/Summ      10%        N/A       100%        7
 Orb of Destruction       Conj           3%         9d5       100%        7
 Summon Hydra             Summ           3%         N/A       100%        7
 Borgnjor's Revivificati  Necr           17%        N/A       100%        8
 Ignition                 Fire           3%         3d4       100%        8
 Maxwell's Capacitive Co  Air            3%         ∞         100%        8
 Death's Door             Necr           17%        N/A       100%        9
 Dragon's Call            Summ           3%         N/A       100%        9
 Sublimation of Blood     Necr           Unusable   N/A       N/A         2
 Animate Armour           Summ/Erth      Unusable   N/A       N/A         4

Dungeon Overview and Level Annotations

Branches:
Dungeon (15/15)            Temple (1/1) D:4            Lair (5/5) D:8
 Shoals (4/4) Lair:2       Spider (4/4) Lair:3        Slime (5/5) Lair:4
    Orc (2/2) D:9             Elf (3/3) Orc:2        Vaults (5/5) D:14
  Crypt (3/3) Vaults:3       Tomb (3/3) Crypt:3      Depths (4/4) D:15
    Zot (5/5) Depths:4    Ossuary (visited)

Altars:
Ashenzari
Cheibriados
Dithmenos
Elyvilon
Fedhas
Gozag
Hepliaklqana
Kikubaaqudgha
Makhleb
Nemelex Xobeh
Okawaru
Qazlal
Ru
Sif Muna
Trog
Uskayaw
Vehumet
Wu Jian
Xom
Yredelemnul
Zin
The Shining One

Shops:
D:7 (   D:8 (   Orc:1 =   Orc:2 !??[   Vaults:3 (   Depths:1 ((?(   Depths:3 :

Portals:
Hell: Depths:1 Depths:2 Depths:3 Depths:4
Abyss: Depths:3
Pandemonium: Depths:2 Depths:3
Ziggurat: Depths:3

Annotations:
D:11 1 runed translucent door, ces's ghost, journeyman MiFi
Zot:2 2 transporters, exclusion: obsidian statue
Zot:5 1 exclusion


Innate Abilities, Weirdness & Mutations

You are a lightning-filled tempest!
Your electrical attacks strike out in all directions at once.
You are incredibly evasive.
Your insubstantial body is immune to petrification, constriction, and being set on fire You are flying.
Your armour is entirely melded.
You are incapable of wielding weapons or throwing items.
You cannot wear most types of armour.
You are amphibious.
You can wear up to eight rings at the same time.
You are immune to poison.
((Your skin changes colour to match your surroundings (Stealth+).))
((Your rubbery body absorbs attacks. (AC +1, EV +1)))
((You are camouflaged when in or above water. (Stealth+)))
((You have tentacles for arms and can constrict up to eight enemies at once.))
((You have a pair of small antennae on your head.))
((One of your tentacles bears a spike.))
((You are partially covered in iridescent scales. (AC +2)))
You have supernaturally acute eyesight. (SInv)
Your body sometimes deteriorates upon taking damage.
((Your flesh is heat resistant. (rF+)))
You passively map a small area around you.
((Your system is resistant to poisons. (rPois)))
Your natural rate of healing is unusually fast.
You are weak. (Str -2)
Your spells are a little harder to cast, but a little more powerful.
You sometimes lose the ability to drink potions when taking damage.


Message History

You fly upwards.
There is a stone staircase leading down here.
There is an open door here.
There is a stone staircase leading up here.
You fly upwards.
There is a stone staircase leading down here.
Things that are here:
a +0 robe; a +0 dagger You see here a book of the Hunter.
You see here a hound skeleton.
There is a stone staircase leading up here.
You fly upwards.
There is a stone staircase leading down here.
There is a stone staircase leading up here.
You fly upwards.
There is a stone staircase leading down here.
A neqoxec comes into view.
The neqoxec gestures at you. Something gnaws on your mind!
You feel your power leaking away.
You lunge at the neqoxec, in a flurry of attacks.
You blast the neqoxec!!!
Lightning courses through the neqoxec!
You kill the neqoxec!
The Council accepts your kill.
There is a stone staircase leading up here.
You fly upwards.
There is a stone staircase leading down here.
There is a stone staircase leading up here.
You fly upwards.
There is a stone staircase leading down here.
There is a stone staircase leading up here.
You fly upwards.
There is a stone staircase leading down here.
Magic restored.
A daeva comes into view.
It is wielding a +5 scimitar of holy wrath.
The daeva shouts!
The daeva calls down the wrath of the Shining One upon you.
The Shining One smites you!
There is a staircase leading out of the dungeon here.
You have escaped!

........# ####.............#...#
........# #....####.....####...#
........# #.~♣♣♣♣♣~............#
.....#### #~~≈♣≈♣≈~~.#.........#
.....# #♣♣~~~~~≈♣.#.........#
.....# ♣≈~~~~~♣♣.#.........#
.....# ♣♣~~~~~≈♣.#.........#
.....# ♣♣~~~~~♣♣.+......##.#
...).# ♣≈~~v~~♣♣##......##.#
.....# ♣≈~~~~~≈♣ #......##.#
.....# ♣≈~~~~~♣♣ #..........
.....# ♣≈~~~~~≈♣ #####......
###### #♣♣~~~~~A♣######......
############~~♣♣♣♣♣~~#...........
.............~♣ ♣~.#.######.#+#
............### ##.............
............# #..........###


You could see a daeva.

Vanquished Creatures
  3 dread liches
  7 orbs of fire
  3 ancient liches
  Mara (Spider:4)
  Mennas (Vaults:4)
  27 royal mummies
  A pandemonium lord (Depths:1)
  Vv (Depths:3)
  Boris (Vaults:4)
  4 Killer Klowns
  Bai Suzhen (Crypt:1)
  4 curse toes
  Saint Roka (Vaults:1)
  3 caustic shrikes (Depths:3)
  16 golden dragons
  Jory (Vaults:4)
  2 bone dragons
  2 electric golems (Zot:5)
  Zenata (Vaults:1)
  Jorgrun (Orc:1)
  6 liches
  A hellephant (Zot:1)
  Rupert (D:15)
  A shard shrike skeleton (Tomb:1)
  17 tentacled monstrosities
  11 quicksilver dragons
  22 Orb Guardians
  5 deep elf blademasters
  7 titans
  12 sphinxes
  8 acid blobs
  3 deep elf master archers (Elf:3)
  7 death cobs
  13 shadow dragons
  Polyphemus (Shoals:2)
  5 ancient champions
  8 tengu reavers
  17 storm dragons
  Agnes (Elf:1)
  5 draconian monks
  Aizul (Elf:1)
  4 rockslimes
  Roxanne (Spider:1)
  8 frost giants
  2 azure jellies
  11 fire giants
  4 revenants
  3 emperor scorpions
  8 deep elf sorcerers
  6 draconian shifters
  5 draconian scorchers
  4 draconian knights
  17 vault wardens
  3 balrugs
  Ilsuiw (Shoals:2)
  A spectral juggernaut (Crypt:2)
  8 ghost moths
  A juggernaut zombie (Tomb:1)
  3 cacodemons (Zot:4)
  Louise (Spider:3)
  A caustic shrike skeleton (Crypt:2)
  2 curse skulls
  4 deep elf elementalists
  A ghoul (Vaults:3)
  A reaper (Crypt:2)
  3 orc warlords
  2 draconian stormcallers (Zot:4)
  A caustic shrike zombie (Crypt:3)
  7 formless jellyfish
  A juggernaut skeleton (Crypt:2)
  A broodmother (Spider:1)
  13 ironbound preservers
  4 quicksilver oozes
  32 very ugly things
  2 ironbound thunderhulks (Vaults:3)
  5 green draconians
  14 stone giants
  A lorocyproca (D:9)
  A black draconian (shapeshifter) (Abyss:3)
  4 vampire knights
  5 deep elf demonologists
  9 war gargoyles
  6 black draconians
  10 bennus
  2 deep elf death magi (Elf:3)
  Azrael (D:14)
  4 deep elf annihilators
  10 purple draconians
  5 spark wasps
  7 white draconians
  9 dire elephants
  8 yellow draconians
  3 eidola
  4 crystal guardians
  4 red draconians
  18 ettins
  10 merfolk impalers
  6 merfolk javelineers
  7 jiangshi
  5 entropy weavers
  An elf zombie (Crypt:3)
  39 vault guards
  9 fire dragons
  A great orb of eyes (shapeshifter) (Abyss:3)
  A spectral fenstrider witch (Crypt:2)
  14 yaktaur captains
  3 deep elf high priests
  8 great orbs of eyes
  18 mummy priests
  A spectral spriggan (Crypt:2)
  A spectral shadow dragon (Crypt:2)
  A rakshasa (Depths:3)
  A caustic shrike simulacrum (Crypt:2)
  4 hydras
  9 ice dragons
  A fenstrider witch zombie (Tomb:2)
  Erolcha (D:9)
  3 radroaches
  3 peacekeepers
  3 jorogumos
  A catoblepas (Shoals:2)
  4 ogre magi (Vaults:5)
  6 merfolk aquamancers
  7 ironbound frosthearts
  5 spriggan air magi
  A satyr (Shoals:4)
  8 boulder beetles
  3 death knights
  A two-headed ogre (shapeshifter) (Depths:2)
  An alligator snapping turtle (Shoals:4)
  34 dancing weapons
  3 merfolk avatars
  6 centaur warriors
  45 death scarabs
  A fenstrider witch skeleton (Crypt:2)
  13 two-headed ogres
  5 vampire magi
  9 orc high priests
  3 death yaks (Shoals:2)
  A demonic crawler (Spider:4)
  A spectral dire elephant (Lair:5)
  10 deep troll shamans
  A titan zombie (Crypt:3)
  4 thrashing horrors (Abyss:3)
  8 spriggan berserkers
  8 tengu warriors
  13 deep troll earth magi
  13 hell knights
  A spectral storm dragon (Crypt:2)
  A wretched star (Abyss:3)
  13 iron trolls
  19 deep elf knights
  2 spriggans (Depths:3)
  2 spectral death yaks (Lair:5)
  5 sun demons
  Nergalle (D:10)
  6 pharaoh ants
  30 skeletal warriors
  9 sea snakes
  5 skysharks
  61 deep trolls
  2 spectral anacondas
  A spriggan druid (Depths:3)
  9 orb spiders
  3 glowing orange brains
  2 anaconda zombies
  4 sun moths
  An orange crystal statue (Depths:2)
  10 deep elf archers
  10 arcanists
  2 spriggan simulacra (Crypt:2)
  4 flayed ghosts
  8 harpies
  2 steelbarb worms
  11 ironbound convokers
  33 deep elf pyromancers
  An obsidian statue (Lair:5)
  5 necromancers
  4 orc sorcerers
  3 phantasmal warriors
  21 deep elf zephyrmancers
  2 oklob plants (Lair:5)
  3 fauns (Shoals:2)
  7 lindwurms
  A shadow dragon skeleton (Crypt:3)
  2 starcursed masses (Abyss:3)
  28 ugly things
  21 orc knights
  2 stone giant zombies
  20 wolf spiders
  2 spectral ettins (Crypt:2)
  12 manticores
  2 cyclopes
  A spectral alligator snapping turtle (Crypt:2)
  3 shining eyes
  29 moths of wrath
  A stone giant skeleton (Tomb:1)
  A worldbinder (Abyss:3)
  A spectral centaur (Crypt:2)
  6 meliai
  2 kobold blastminers (Orc:1)
  A water nymph (shapeshifter) (Vaults:5)
  A dire elephant zombie (Lair:5)
  10 merfolk sirens
  8 black mambas
  8 water nymphs
  15 vault sentinels
  2 torpor snails (shapeshifter) (Vaults:5)
  2 eyes of devastation
  2 guardian serpents (shapeshifter) (Abyss:3)
  An eye of devastation (shapeshifter) (Depths:4)
  9 cane toads
  6 smoke demons (Crypt:3)
  8 gargoyles
  5 torpor snails
  An orange demon (Abyss:2)
  A dire elephant skeleton (Lair:5)
  27 elephants
  A spriggan zombie (Depths:1)
  Jeremiah (D:7)
  A kobold demonologist (D:12)
  A komodo dragon (shapeshifter) (Vaults:5)
  8 komodo dragons
  An alligator snapping turtle zombie (Crypt:3)
  30 yaktaurs
  4 rime drakes
  3 efreet (Zot:3)
  6 freezing wraiths
  A tormentor (Depths:2)
  10 unseen horrors
  7 tengu conjurers
  An alligator snapping turtle skeleton (Crypt:1)
  A polar bear (Lair:4)
  An anaconda simulacrum (Crypt:2)
  40 guardian mummies
  A queen bee (shapeshifter) (D:14)
  6 trolls
  19 merfolk
  2 merfolk (shapeshifter)
  A harpy zombie (Crypt:3)
  A glass eye (shapeshifter) (Vaults:5)
  17 tarantellas
  8 wind drakes
  An alligator simulacrum (Crypt:2)
  7 dream sheep
  4 raiju (Abyss:1)
  7 hornets
  3 blink frogs (Lair:5)
  3 harpy skeletons
  2 glass eyes (Depths:2)
  6 snapping turtles
  A stone giant simulacrum (Crypt:2)
  An ettin zombie (Crypt:2)
  A black mamba zombie (Tomb:1)
  15 jumping spiders
  3 air elementals
  An ettin skeleton (Crypt:3)
  4 shadows (Crypt:3)
  5 vampires
  Sigmund (D:2)
  24 ushabtiu
  9 spriggan skeletons
  24 water elementals
  6 wraiths
  26 culicivoras
  88 slime creatures
  A wyvern (Lair:5)
  35 yaks
  A wind drake zombie (Crypt:2)
  4 wargs
  A yak (shapeshifter) (Abyss:3)
  A hog (shapeshifter) (D:14)
  2 neqoxecs
  5 fire elementals
  12 golden eyes
  8 basilisks
  11 humans
  A steam dragon (D:10)
  57 redbacks
  6 vampire mosquitoes
  2 spectral cane toads (Lair:5)
  A chaos spawn (Abyss:3)
  Menkaure (Ossuary)
  A harpy simulacrum (Crypt:2)
  A glowing shapeshifter zombie (Depths:1)
  2 naga zombies
  A naga skeleton (Crypt:2)
  18 water moccasins
  An acid dragon (D:10)
  4 hell hounds (D:14)
  A dream sheep zombie (Crypt:1)
  34 orc warriors
  5 black bears
  3 ice beasts
  A black bear (shapeshifter) (Elf:3)
  18 laughing skulls
  8 ogres
  5 boggarts
  4 elephant zombies (Lair:5)
  A torpor snail zombie (Crypt:1)
  12 wolves
  4 centaurs
  3 elephant skeletons (Lair:5)
  3 phantoms
  A weeping skull (Abyss:3)
  4 kobold brigands
  11 bullfrogs
  4 gnoll sergeants
  A komodo dragon zombie (Crypt:2)
  2 small abominations (Abyss:1)
  6 scorpions
  2 cane toad simulacra (Lair:5)
  3 earth elementals
  An elf skeleton (Crypt:1)
  2 wights (D:9)
  2 elephant simulacra (Lair:5)
  11 killer bees (D:10)
  2 electric eels (Elf:3)
  A howler monkey (D:9)
  5 centaur zombies
  A centaur skeleton (Crypt:2)
  34 orc priests
  A basilisk zombie (Crypt:1)
  3 bombardier beetles
  4 jellies
  3 gnoll boudas
  A quasit (Abyss:3)
  6 hounds
  3 sleepcaps
  A basilisk skeleton (Crypt:1)
  An iguana (D:6)
  18 orc wizards
  5 hell rats (Lair:3)
  2 ogre zombies (Ossuary)
  An acid dragon zombie (Crypt:1)
  A hound zombie (Crypt:2)
  57 mummies
  24 gnolls
  11 adders
  A steam dragon zombie (Crypt:2)
  2 ufetubi (D:7)
  2 adder zombies (Ossuary)
  4 dart slugs
  2 ribbon worms
  83 orcs
  5 bats
  7 endoplasms
  9 giant cockroaches
  4 goblins
  7 hobgoblins
  8 jackals (D:1)
  5 quokkas
  11 ball pythons
  4 frilled lizards
  A frilled lizard skeleton (Crypt:2)
  A gnoll skeleton (Crypt:2)
  2 gnoll zombies (Ossuary)
  A goblin zombie (Ossuary)
  5 hobgoblin zombies (Ossuary)
  27 kobolds
  6 kobold zombies (Ossuary)
  An orc zombie (Ossuary)
  2 quokka zombies (Ossuary)
  6 rats
  6 rat zombies (Ossuary)
2578 creatures vanquished.

Vanquished Creatures (collateral kills)
  2 harpies (Shoals:3)
  A merfolk (Shoals:3)
  A wind drake (Shoals:3)
  A snapping turtle (Shoals:3)
  An elf (Vaults:3)
  A water moccasin (Lair:5)
7 creatures vanquished.

Vanquished Creatures (others)
  An ironbound preserver (Vaults:5)
  4 death scarabs (Tomb:3)
  A moth of wrath (Zot:3)
  An ogre (Zot:3)
  A quokka (D:6)
  2 lurking horrors (Abyss:3)
10 creatures vanquished.

Grand Total: 2595 creatures vanquished

Notes
Turn   | Place    | Note
-------+----------+-------------------------------------------
     0 | D:1      | MollyMolluskus the Octopode Fighter began the quest for the
                  | Orb.
     0 | D:1      | Reached XP level 1. HP: 16/16 MP: 1/1
   149 | D:1      | Reached skill level 1 in Stealth
   149 | D:1      | Reached XP level 2. HP: 12/21 MP: 2/2
   334 | D:1      | Reached XP level 3. HP: 26/26 MP: 3/3
   985 | D:2      | Noticed Sigmund
   991 | D:2      | Killed Sigmund
   992 | D:2      | Reached XP level 4. HP: 32/33 MP: 4/4
   992 | D:2      | Reached XP level 5. HP: 36/37 MP: 5/5
  1045 | D:2      | Reached XP level 6. HP: 37/43 MP: 6/6
  2618 | D:4      | Reached skill level 1 in Evocations
  2620 | D:4      | Reached XP level 7. HP: 36/48 MP: 7/7
  2686 | D:4      | Got the Codex of Company
  2900 | D:4      | Reached skill level 5 in Unarmed Combat
  2967 | D:4      | Found a staircase to the Ecumenical Temple.
  2974 | Temple   | Entered the Ecumenical Temple
  2985 | Temple   | Became a worshipper of the Wu Jian Council
  3152 | D:5      | Entered Level 5 of the Dungeon
  3231 | D:5      | Reached XP level 8. HP: 54/54 MP: 8/8
  3511 | D:5      | Reached skill level 5 in Stealth
  3896 | D:5      | Reached skill level 5 in Dodging
  3917 | D:5      | Reached skill level 5 in Fighting
  3946 | D:5      | Reached skill level 5 in Shields
  4328 | D:5      | Reached skill level 1 in Shapeshifting
  4328 | D:5      | Reached XP level 9. HP: 58/61 MP: 9/9
  4370 | D:5      | Reached * piety under Wu Jian
  4859 | D:6      | Found a white marble altar of Elyvilon.
  5131 | D:7      | Found a sand-covered staircase.
  5138 | Ossuary  | Entered an ossuary
  5271 | Ossuary  | Reached ** piety under Wu Jian
  5654 | Ossuary  | Noticed Menkaure
  5663 | Ossuary  | Killed Menkaure
  5664 | Ossuary  | Reached skill level 1 in Throwing
  5737 | D:7      | Identified a scroll of acquirement
  5737 | D:7      | Acquired the amulet of Ignis's Condemnation {Spirit rElec
                  | rF- Regen+ Stlth+}
  5763 | D:7      | Found Qosi's Antique Weapon Emporium.
  5800 | D:7      | Found a sacrificial altar of Ru.
  5837 | D:7      | Found a hide-covered altar of Uskayaw.
  5867 | D:7      | Reached *** piety under Wu Jian
  6010 | D:7      | Noticed Jeremiah
  6019 | D:7      | Killed Jeremiah
  6027 | D:7      | Reached XP level 10. HP: 62/68 MP: 8/10
  6472 | D:8      | Found Oxots's Antique Weapon Emporium.
  6624 | D:8      | Found a staircase to the Lair.
  6750 | D:8      | Reached **** piety under Wu Jian
  7542 | D:9      | Found a staircase to the Orcish Mines.
  7546 | D:9      | Noticed Erolcha
  7554 | D:9      | Killed Erolcha
  7555 | D:9      | Reached XP level 11. HP: 75/75 MP: 11/11
  7672 | D:9      | Noticed a two-headed ogre
  7683 | D:9      | Reached skill level 5 in Shapeshifting
  7987 | D:9      | Killed a two-headed ogre
  8120 | D:10     | Entered Level 10 of the Dungeon
  8601 | D:10     | Noticed Nergalle
  8611 | D:10     | Killed Nergalle
  8893 | D:10     | Reached ***** piety under Wu Jian
  9005 | D:10     | Noticed a two-headed ogre
  9033 | D:10     | Killed a two-headed ogre
  9449 | D:11     | Noticed a two-headed ogre
  9456 | D:11     | Killed a two-headed ogre
  9460 | D:11     | Reached XP level 12. HP: 85/85 MP: 12/12
  9548 | D:11     | Noticed a boulder beetle
  9570 | D:11     | Killed a boulder beetle
  9728 | D:11     | Found a runed translucent door.
  9729 | D:11     | Noticed a centaur warrior
  9729 | D:11     | Noticed ces's ghost (journeyman MiFi)
 10147 | Lair:1   | Entered Level 1 of the Lair of Beasts
 10187 | Lair:1   | Reached skill level 10 in Unarmed Combat
 10317 | Lair:1   | Found a frozen archway.
 10489 | Lair:1   | Identified the +5 war axe "Beast's Bane" {pain, rElec
                  | Dex+5}
 11043 | Lair:2   | Noticed a six-headed hydra
 11064 | Lair:2   | Killed a six-headed hydra
 11382 | Lair:2   | Reached skill level 10 in Fighting
 11736 | Lair:2   | Found a staircase to the Shoals.
 12327 | Lair:3   | Noticed a boulder beetle
 12346 | Lair:3   | Killed a boulder beetle
 12347 | Lair:3   | Reached XP level 13. HP: 46/92 MP: 3/13
 12577 | Lair:3   | Reached skill level 10 in Shapeshifting
 12578 | Lair:3   | Found a hole to the Spider Nest.
 13375 | Lair:4   | Found a staircase to the Slime Pits.
 13842 | Lair:5   | Entered Level 5 of the Lair of Beasts
 14424 | Lair:5   | Reached skill level 10 in Dodging
 14456 | Lair:5   | Reached XP level 14. HP: 101/101 MP: 12/14
 14461 | Lair:5   | Noticed a dire elephant
 14461 | Lair:5   | Noticed a dire elephant
 14468 | Lair:5   | Noticed a dire elephant
 14479 | Lair:5   | Noticed a dire elephant
 14480 | Lair:5   | Killed a dire elephant
 14553 | Lair:5   | Identified the amulet of Cujeom {RegenMP rElec Will+ rCorr
                  | Int+3}
 14598 | Lair:5   | Identified the +4 trident of Yxecsagu {heavy, rN+ Int+5}
 14684 | Lair:5   | Identified the amulet "Rucek" {rPois Will+ Regen+ rCorr
                  | Int-2}
 15264 | Lair:5   | Killed a dire elephant
 15266 | Lair:5   | Killed a dire elephant
 15271 | Lair:5   | Killed a dire elephant
 15738 | D:12     | Found a flickering gateway to a bazaar.
 15749 | Bazaar   | Entered a bazaar
 15750 | Bazaar   | Found Citror Deotz's Assorted Antiques.
 15755 | Bazaar   | Found Kicvelit's Jewellery Emporium.
 15758 | Bazaar   | Bought a scroll of identify for 68 gold pieces
 15758 | Bazaar   | Bought a scroll labelled ETIHEHUARGH for 34 gold pieces
 15789 | Bazaar   | Found Tuguti's Weapon Shop.
 15798 | Bazaar   | Found Yhalarph's Distillery.
 15834 | Bazaar   | Bought the ring of Mistrust {Fire rPois Str+3 Stlth+} for
                  | 588 gold pieces
 15862 | Bazaar   | Bought a potion of enlightenment for 70 gold pieces
 15862 | Bazaar   | Bought a potion of invisibility for 112 gold pieces
 15862 | Bazaar   | Bought a potion of heal wounds for 70 gold pieces
 15862 | Bazaar   | Bought a potion of invisibility for 112 gold pieces
 16449 | D:12     | Found an ornate altar of the Wu Jian Council.
 16753 | D:13     | Found a shimmering blue altar of Sif Muna.
 16818 | D:13     | Got Sif Muna's Lessons on Oxidation
 17082 | D:13     | Reached XP level 15. HP: 108/108 MP: 15/15
 17302 | D:14     | Noticed Azrael
 17318 | D:14     | Killed Azrael
 18649 | D:14     | Reached skill level 1 in Short Blades
 18728 | D:14     | Found a gate to the Vaults.
 18736 | D:14     | Reached skill level 15 in Unarmed Combat
 19048 | D:15     | Entered Level 15 of the Dungeon
 19060 | D:15     | Noticed Rupert
 19164 | D:15     | Killed Rupert
 19628 | D:15     | Found a staircase to the Depths.
 19967 | Orc:1    | Entered Level 1 of the Orcish Mines
 20151 | Orc:1    | Found Ruivegaje's Jewellery Emporium.
 20161 | Orc:1    | Bought the ring of the Equinox {Slay+3 SInv} for 415 gold
                  | pieces
 20407 | Orc:1    | Noticed Jorgrun
 20421 | Orc:1    | Killed Jorgrun
 20612 | Orc:1    | Bought a +4 ring of protection for 432 gold pieces
 20629 | Orc:2    | Entered Level 2 of the Orcish Mines
 21124 | Orc:2    | Reached XP level 16. HP: 86/117 MP: 8/16
 21157 | Orc:2    | Found Guusat's Antique Armour Emporium.
 21157 | Orc:2    | Found Lablix's Magic Scroll Emporium.
 21158 | Orc:2    | Found Gedyorr's Magic Scroll Shoppe.
 21158 | Orc:2    | Found Umiel's Distillery.
 21365 | Orc:2    | Found a staircase to the Elven Halls.
 21457 | Orc:1    | Bought a ring of protection from fire for 300 gold pieces
 21618 | Shoals:1 | Entered Level 1 of the Shoals
 22621 | Orc:2    | Bought a potion of might for 64 gold pieces
 22623 | Orc:2    | Bought a scroll of enchant weapon for 82 gold pieces
 22943 | Shoals:2 | Noticed Polyphemus
 22956 | Shoals:2 | Killed Polyphemus
 23296 | Shoals:2 | Noticed Ilsuiw
 23303 | Shoals:2 | Killed Ilsuiw
 23386 | Shoals:2 | Reached skill level 5 in Short Blades
 24253 | Shoals:3 | Noticed a kraken
 24446 | Shoals:4 | Entered Level 4 of the Shoals
 24510 | Shoals:4 | Noticed a storm dragon
 24518 | Shoals:4 | Reached XP level 17. HP: 120/124 MP: 10/17
 24707 | Shoals:4 | Got a barnacled rune of Zot
 24713 | Shoals:4 | Identified the ring of Misus {EV+5 Dex+4 Slay+2}
 24717 | Shoals:4 | Identified the ring of Juubetul {Ice rElec Will- Str+4
                  | Dex+3}
 25408 | Elf:1    | Entered Level 1 of the Elven Halls
 25541 | Elf:1    | Noticed Agnes
 25547 | Elf:1    | Killed Agnes
 25642 | Elf:1    | Identified the serpent talisman of Entitlement {rF- Int+4
                  | Dex+7}
 25642 | Elf:1    | Noticed Aizul
 25654 | Elf:1    | Killed Aizul
 26458 | Elf:2    | Found a radiant altar of Vehumet.
 26472 | Elf:2    | Found a runed translucent gate.
 26472 | Elf:2    | Found a runed translucent gate.
 26474 | Elf:2    | Found a runed translucent gate.
 26537 | Elf:2    | Reached XP level 18. HP: 132/132 MP: 18/18
 26603 | Elf:2    | Noticed a deep elf blademaster
 26607 | Elf:2    | Killed a deep elf blademaster
 27160 | Elf:2    | Found a bloodstained altar of Trog.
 27582 | Spider:1 | Entered Level 1 of the Spider Nest
 27582 | Spider:1 | Noticed Roxanne
 27907 | Spider:1 | Reached skill level 15 in Fighting
 28601 | Spider:1 | Killed Roxanne
 29748 | Spider:3 | Reached XP level 19. HP: 139/139 MP: 19/19
 29895 | Spider:3 | Identified the +1 robe of the Bagpipe {Regen+ SInv}
 29975 | Spider:3 | Noticed Louise
 29977 | Spider:3 | Killed Louise
 30136 | Spider:4 | Entered Level 4 of the Spider Nest
 30175 | Spider:4 | Noticed Mara
 30189 | Spider:4 | Noticed MollyMolluskus's illusion
 30197 | Spider:4 | Killed Mara
 30222 | Spider:4 | Reached skill level 15 in Shapeshifting
 30301 | Spider:4 | Got a gossamer rune of Zot
 31121 | Elf:3    | Entered Level 3 of the Elven Halls
 31203 | Elf:3    | Reached ****** piety under Wu Jian
 31452 | Elf:3    | Found a magical portal.
 32090 | Orc:2    | Bought a scroll of teleportation for 33 gold pieces
 32923 | Elf:3    | Reached XP level 20. HP: 150/150 MP: 11/20
 33063 | Elf:3    | Identified the ring "Loqaymopn" {rN+ MP+9 Int+5}
 33157 | Elf:3    | Identified the +9 glaive "Femiol" {heavy, rElec rCorr}
 33157 | Elf:3    | Identified the amulet "Zobrisi" {Acrobat rPois}
 33214 | Elf:3    | Identified the ring "Wadgh" {rCorr Int+5 Dex-5 SInv}
 33233 | Elf:3    | Identified the +0 lajatang "Grum" {vamp, rC+ Will+ rCorr}
 33256 | Elf:3    | Identified the +4 hand cannon "Zoomim" {heavy, rN+ Will+
                  | Str-2}
 33277 | Elf:3    | Identified the +9 sling of Qazlal's Reproof {freeze, rC+
                  | rCorr}
 33282 | Elf:3    | Identified the +4 long sword of Sunlight {freeze, rC++}
 33297 | Elf:3    | Got the Codex of Iron Hypothermia
 33666 | Vaults:1 | Entered Level 1 of the Vaults
 33875 | Vaults:1 | Identified the amulet "Jeyvvaysa" {Spirit Int+2 Dex+8}
 33886 | Vaults:1 | You fall into a shaft and drop 1 floor!
 34024 | Vaults:1 | Noticed Saint Roka
 34031 | Vaults:1 | Killed Saint Roka
 34502 | Vaults:1 | Identified the +1 ring mail of Peulai {rElec rN+ Str+4
                  | Dex-4}
 34577 | Vaults:1 | Noticed Zenata
 34585 | Vaults:1 | Killed Zenata
 36159 | Vaults:3 | Found Xaze's Antique Weapon Shoppe.
 36165 | Vaults:3 | Reached XP level 21. HP: 159/159 MP: 21/21
 36461 | Vaults:3 | Found a staircase to the Crypt.
 37632 | Vaults:4 | Noticed Boris
 37637 | Vaults:4 | Killed Boris
 38094 | Vaults:4 | Noticed Jory
 38096 | Vaults:4 | Killed Jory
 38536 | Depths:1 | Entered Level 1 of the Depths
 38664 | Depths:1 | Reached XP level 22. HP: 169/169 MP: 22/22
 38741 | Depths:1 | Found a radiant altar of Vehumet.
 38836 | Depths:1 | Found Fexkid's Antique Weapon Boutique.
 38840 | Depths:1 | Found Lotaun Araw's Magic Scroll Shop.
 38840 | Depths:1 | Found Sekuceb's Antique Weapon Boutique.
 38843 | Depths:1 | Found Balips's Antique Weapon Shop.
 38849 | Depths:1 | Bought a scroll of silence for 180 gold pieces
 38917 | Depths:1 | Found a hazy altar of Hepliaklqana.
 39094 | Depths:1 | Found a portal to a secret trove of treasure.
 40141 | Depths:1 | You paid a toll of a +7 demon trident to enter a treasure
                  | trove
 40142 | Trove    | Entered a treasure trove
 40461 | Depths:1 | Found a gateway to Hell.
 40795 | Depths:2 | Found a one-way gate leading to the halls of Pandemonium.
 41337 | Depths:2 | Found a runed translucent door.
 41345 | Depths:2 | Found a runed translucent door.
 42011 | Depths:3 | Found a one-way gateway to a ziggurat.
 42095 | Depths:3 | Found a one-way gate to the infinite horrors of the Abyss.
 42149 | Depths:3 | Found Fiklyum's Tremendous Tomes.
 42187 | Depths:3 | Noticed a caustic shrike
 42189 | Depths:3 | Noticed a caustic shrike
 42190 | Depths:3 | Noticed a caustic shrike
 42191 | Depths:3 | Noticed Vv
 42208 | Depths:3 | Killed Vv
 42214 | Depths:3 | Killed a caustic shrike
 42215 | Depths:3 | Reached XP level 23. HP: 102/178 MP: 14/23
 42228 | Depths:3 | Killed a caustic shrike
 42231 | Depths:3 | Killed a caustic shrike
 42238 | Depths:3 | Got the Compilation of the Dead
 42286 | Depths:3 | Learned a level 3 spell: Fugue of the Fallen
 42667 | Depths:4 | Entered Level 4 of the Depths
 42685 | Depths:4 | Reached skill level 1 in Spellcasting
 43310 | Depths:4 | Noticed a golden dragon
 43318 | Depths:4 | Killed a golden dragon
 43325 | Depths:4 | Noticed a golden dragon
 43331 | Depths:4 | Killed a golden dragon
 43362 | Depths:4 | Found a gate to the Realm of Zot.
 43860 | Vaults:5 | Entered Level 5 of the Vaults
 43872 | Vaults:5 | Reached skill level 1 in Necromancy
 43875 | Vaults:5 | Noticed Mennas
 43904 | Vaults:4 | Killed Mennas
 43949 | Vaults:5 | Reached skill level 5 in Spellcasting
 43957 | Vaults:5 | Reached XP level 24. HP: 175/187 MP: 25/30
 43967 | Vaults:5 | Identified the amulet "Opsuts" {Spirit +Blink rF+}
 43989 | Vaults:5 | Noticed an ancient lich
 43991 | Vaults:5 | Killed an ancient lich
 44061 | Vaults:5 | Identified the ring of Utuihu {Ice Will- Str+3}
 44077 | Vaults:5 | Reached skill level 5 in Necromancy
 44219 | Vaults:5 | Noticed a dread lich
 44225 | Vaults:5 | Paralysed by a dread lich for 4 turns
 44230 | Vaults:5 | Killed a dread lich
 44588 | Vaults:5 | Identified the ring "Boimnit" {rF+ Dex+4 SInv}
 44608 | Vaults:5 | Identified the +11 flail of Cheibriados, Crafting {heavy,
                  | *Noise rN++ MP+9 Dex+2}
 44782 | Vaults:5 | Identified the staff "Leviticus" {rElec rPois rC+ rN+
                  | Stlth- Alchemy}
 44905 | Vaults:5 | Found the +2 hood of the Assassin {Detect Stab+ Stlth++}
 44922 | Vaults:5 | Got a silver rune of Zot
 45366 | Depths:3 | Voluntarily entered the Abyss.
 45447 | Abyss:2  | Found a corrupted altar of Lugonu.
 45526 | Abyss:3  | Found a corrupted altar of Lugonu.
 45533 | Abyss:3  | Found a corrupted altar of Lugonu.
 45544 | Abyss:3  | Found a corrupted altar of Lugonu.
 45595 | Abyss:3  | Got an abyssal rune of Zot
 45599 | Depths:3 | Escaped the Abyss
 45600 | Depths:3 | Upgraded the game from 0.31.0-2-g5a2aebc5c2 to
                  | 0.31.0-4-g52a2dc7128
 46104 | Crypt:1  | Entered Level 1 of the Crypt
 46141 | Crypt:1  | Gained mutation: You sometimes lose your temper in combat.
                  | [potion of mutation]
 46141 | Crypt:1  | Gained mutation: You are partially covered in iridescent
                  | scales. (AC +2) [potion of mutation]
 46142 | Crypt:1  | Lost mutation: You sometimes lose your temper in combat.
                  | [potion of mutation]
 46142 | Crypt:1  | Lost mutation: You are partially covered in iridescent
                  | scales. (AC +2) [potion of mutation]
 46142 | Crypt:1  | Gained mutation: Your muscles are strong. (Str +4, Int/Dex
                  | -1) [potion of mutation]
 46142 | Crypt:1  | Gained mutation: You occasionally shout uncontrollably at
                  | your foes. [potion of mutation]
 46142 | Crypt:1  | Gained mutation: You possess an exceptional clarity of
                  | mind. [potion of mutation]
 46220 | Crypt:1  | Noticed Bai Suzhen
 46237 | Crypt:1  | Killed Bai Suzhen
 46970 | Crypt:2  | Reached XP level 25. HP: 195/195 MP: 32/32
 47741 | Crypt:2  | Lost mutation: You possess an exceptional clarity of mind.
                  | [potion of mutation]
 47741 | Crypt:2  | Lost mutation: Your muscles are strong. (Str +4, Int/Dex
                  | -1) [potion of mutation]
 47741 | Crypt:2  | Gained mutation: Your flesh is heat resistant. (rF+)
                  | [potion of mutation]
 47741 | Crypt:2  | Gained mutation: One of your tentacles bears a spike.
                  | [potion of mutation]
 47741 | Crypt:2  | Gained mutation: One of your tentacles bears a nasty spike.
                  | [potion of mutation]
 47770 | Crypt:3  | Entered Level 3 of the Crypt
 48004 | Crypt:3  | Identified the ring "Fuvop" {rF+ rC- Str+2 Slay+2}
 48073 | Crypt:3  | Found a staircase to the Tomb.
 48477 | Crypt:3  | Identified the staff "Stringbean" {rF+ rN+ Str-4 Int+4
                  | Necro}
 48629 | Crypt:3  | Found an ancient bone altar of Kikubaaqudgha.
 48638 | Crypt:3  | Noticed a dread lich
 48641 | Crypt:3  | Killed a dread lich
 48657 | Crypt:3  | Noticed an ancient lich
 48661 | Crypt:3  | Killed an ancient lich
 49530 | Slime:1  | Entered Level 1 of the Pits of Slime
 49540 | Slime:1  | Gained mutation: You are clumsy. (Dex -2) [a shining eye]
 49540 | Slime:1  | Gained mutation: You occasionally lose the ability to read
                  | scrolls when taking damage. [a shining eye]
 49541 | Slime:1  | Gained mutation: You are frail. (-10% HP) [a shining eye]
 49544 | Slime:1  | Gained mutation: Your magical capacity is low. (-10% MP) [a
                  | shining eye]
 49545 | Slime:1  | Gained mutation: You frequently scream uncontrollably at
                  | your foes. [a shining eye]
 49547 | Slime:1  | Gained mutation: You are dopey. (Int -2) [a shining eye]
 49642 | Slime:1  | Gained mutation: You are very dopey. (Int -4) [a shining
                  | eye]
 49643 | Slime:1  | Gained mutation: You are very frail. (-20% HP) [a shining
                  | eye]
 49683 | Slime:1  | Lost mutation: You are clumsy. (Dex -2) [potion of
                  | mutation]
 49683 | Slime:1  | Lost mutation: You occasionally lose the ability to read
                  | scrolls when taking damage. [potion of mutation]
 49683 | Slime:1  | Gained mutation: You possess an exceptional clarity of
                  | mind. [potion of mutation]
 49997 | Slime:1  | Lost mutation: Your flesh is heat resistant. (rF+) [potion
                  | of mutation]
 49997 | Slime:1  | Lost mutation: Your magical capacity is low. (-10% MP)
                  | [potion of mutation]
 49997 | Slime:1  | Lost mutation: One of your tentacles bears a nasty spike.
                  | [potion of mutation]
 49997 | Slime:1  | Gained mutation: You are extremely frail. (-30% HP) [potion
                  | of mutation]
 49997 | Slime:1  | Gained mutation: You have hidden genetic potential. [potion
                  | of mutation]
 49998 | Slime:1  | Lost mutation: You frequently scream uncontrollably at your
                  | foes. [potion of mutation]
 49998 | Slime:1  | Lost mutation: You occasionally shout uncontrollably at
                  | your foes. [potion of mutation]
 50308 | Slime:2  | Lost mutation: You have hidden genetic potential. [potion
                  | of mutation]
 50308 | Slime:2  | Lost mutation: You possess an exceptional clarity of mind.
                  | [potion of mutation]
 50308 | Slime:2  | Lost mutation: You are very dopey. (Int -4) [potion of
                  | mutation]
 50308 | Slime:2  | Gained mutation: You occasionally shout uncontrollably at
                  | your foes. [potion of mutation]
 50308 | Slime:2  | Gained mutation: One of your tentacles bears a nasty spike.
                  | [potion of mutation]
 50309 | Slime:2  | Lost mutation: You are extremely frail. (-30% HP) [potion
                  | of mutation]
 50309 | Slime:2  | Lost mutation: One of your tentacles bears a nasty spike.
                  | [potion of mutation]
 50309 | Slime:2  | Gained mutation: You expend magic power (3 MP) to
                  | strengthen your wands. [potion of mutation]
 50310 | Slime:2  | Lost mutation: You are very frail. (-20% HP) [potion of
                  | mutation]
 50310 | Slime:2  | Lost mutation: You are dopey. (Int -2) [potion of mutation]
 50310 | Slime:2  | Gained mutation: You have supernaturally acute eyesight.
                  | (SInv) [potion of mutation]
 50310 | Slime:2  | Gained mutation: Your spells are a little harder to cast,
                  | but a little more powerful. [potion of mutation]
 50310 | Slime:2  | Gained mutation: Your natural rate of healing is unusually
                  | fast. [potion of mutation]
 50310 | Slime:2  | Gained mutation: You are partially covered in iridescent
                  | scales. (AC +2) [potion of mutation]
 50508 | D:7      | Lost mutation: You are frail. (-10% HP) [potion of
                  | mutation]
 50508 | D:7      | Lost mutation: You expend magic power (3 MP) to strengthen
                  | your wands. [potion of mutation]
 50508 | D:7      | Gained mutation: You passively map a small area around you.
                  | [potion of mutation]
 50508 | D:7      | Gained mutation: Your flesh is heat resistant. (rF+)
                  | [potion of mutation]
 51620 | Tomb:1   | Entered Level 1 of the Tomb of the Ancients
 51939 | Tomb:1   | Noticed a royal mummy
 51946 | Tomb:1   | Killed a royal mummy
 51950 | Tomb:1   | Noticed a royal mummy
 51952 | Tomb:1   | Killed a royal mummy
 52033 | Tomb:1   | Reached XP level 26. HP: 204/204 MP: 32/32
 52774 | Tomb:2   | Noticed a royal mummy
 52774 | Tomb:2   | Noticed a royal mummy
 52777 | Tomb:2   | Noticed a royal mummy
 52779 | Tomb:2   | Killed a royal mummy
 52782 | Tomb:2   | Killed a royal mummy
 52783 | Tomb:2   | Noticed a royal mummy
 52787 | Tomb:2   | Killed a royal mummy
 52789 | Tomb:2   | Killed a royal mummy
 52896 | Tomb:1   | Noticed a royal mummy
 52898 | Tomb:1   | Noticed a royal mummy
 52899 | Tomb:1   | Noticed a royal mummy
 52902 | Tomb:1   | Noticed a royal mummy
 52907 | Tomb:1   | Killed a royal mummy
 52912 | Tomb:1   | Killed a royal mummy
 52912 | Tomb:1   | Killed a royal mummy
 52913 | Tomb:1   | Killed a royal mummy
 53080 | Tomb:1   | Noticed a royal mummy
 53084 | Tomb:1   | Killed a royal mummy
 53125 | Tomb:1   | Noticed a royal mummy
 53127 | Tomb:1   | Noticed a royal mummy
 53129 | Tomb:1   | Killed a royal mummy
 53138 | Tomb:1   | Killed a royal mummy
 53142 | Tomb:1   | Noticed a royal mummy
 53145 | Tomb:1   | Killed a royal mummy
 53164 | Tomb:1   | Noticed a royal mummy
 53169 | Tomb:1   | Killed a royal mummy
 53184 | Tomb:1   | Noticed a royal mummy
 53185 | Tomb:1   | Noticed a royal mummy
 53186 | Tomb:1   | Killed a royal mummy
 53188 | Tomb:1   | Noticed a royal mummy
 53190 | Tomb:1   | Killed a royal mummy
 53197 | Tomb:1   | Killed a royal mummy
 53360 | Tomb:3   | Entered Level 3 of the Tomb of the Ancients
 53367 | Tomb:3   | Noticed a royal mummy
 53368 | Tomb:3   | Noticed a royal mummy
 53379 | Tomb:3   | Killed a royal mummy
 53383 | Tomb:3   | Killed a royal mummy
 53385 | Tomb:3   | Noticed a royal mummy
 53387 | Tomb:3   | Noticed a royal mummy
 53395 | Tomb:3   | Killed a royal mummy
 53404 | Tomb:3   | Killed a royal mummy
 53411 | Tomb:3   | Found the +5 Lochaber axe {reach-cleave, Poleaxe ^Drain}
 53482 | Tomb:3   | Noticed a royal mummy
 53488 | Tomb:3   | Killed a royal mummy
 53513 | Tomb:3   | Got the Papyrus of the Charged Lithosphere
 53514 | Tomb:3   | Identified the staff of Evisceration {rF+ Dex-2 Conj Tloc
                  | Fire}
 53542 | Tomb:3   | Identified the +0 leather armour of Omest {rElec rC+ Dex-4}
 53543 | Tomb:3   | Identified the ring of Awe {Fly rF+ rC+ Will++ Str-2}
 53547 | Tomb:3   | Identified the ring "Lotiduhu" {Fly rC+ Int+3 Dex+3 Slay+2}
 53628 | Tomb:3   | Reached XP level 27. HP: 215/215 MP: 32/32
 53634 | Tomb:3   | Noticed a royal mummy
 53642 | Tomb:3   | Noticed a royal mummy
 53647 | Tomb:3   | Noticed a royal mummy
 53650 | Tomb:3   | Killed a royal mummy
 53652 | Tomb:3   | Killed a royal mummy
 53653 | Tomb:3   | Killed a royal mummy
 53655 | Tomb:3   | Noticed a royal mummy
 53658 | Tomb:3   | Killed a royal mummy
 53995 | Tomb:3   | Got a golden rune of Zot
 54807 | Slime:4  | Gained mutation: You occasionally lose the ability to drink
                  | potions when taking damage. [a shining eye]
 54823 | Slime:5  | Entered Level 5 of the Pits of Slime
 54902 | Slime:1  | Lost mutation: Your flesh is heat resistant. (rF+) [potion
                  | of mutation]
 54902 | Slime:1  | Lost mutation: You occasionally shout uncontrollably at
                  | your foes. [potion of mutation]
 54902 | Slime:1  | Gained mutation: Your system is resistant to poisons.
                  | (rPois) [potion of mutation]
 54902 | Slime:1  | Gained mutation: You have a pair of small antennae on your
                  | head. [potion of mutation]
 54902 | Slime:1  | Gained mutation: You sometimes lose the ability to drink
                  | potions when taking damage. [potion of mutation]
 54902 | Slime:1  | Gained mutation: Your flesh is heat resistant. (rF+)
                  | [potion of mutation]
 55330 | Zot:1    | Entered Level 1 of the Realm of Zot
 56243 | Zot:2    | Found a transporter.
 56243 | Zot:2    | Found a transporter.
 56504 | Zot:2    | Reached skill level 27 in Unarmed Combat
 57522 | Zot:4    | Found a transporter.
 57524 | Zot:4    | Noticed an orb of fire
 57531 | Zot:4    | Gained mutation: Your body sometimes deteriorates upon
                  | taking damage. [an orb of fire]
 57539 | Zot:4    | Killed an orb of fire
 57807 | Zot:4    | Found a transporter.
 57920 | Zot:4    | Noticed a dread lich
 57942 | Zot:4    | Killed a dread lich
 58244 | Zot:4    | Identified the ring "Wilyh" {rN+ AC+4}
 58276 | Zot:5    | Entered Level 5 of the Realm of Zot
 58344 | Zot:5    | Reached skill level 27 in Fighting
 58358 | Zot:5    | Noticed an ancient lich
 58358 | Zot:5    | Noticed an orb of fire
 58361 | Zot:5    | Killed an orb of fire
 58362 | Zot:5    | Killed an ancient lich
 58365 | Zot:5    | Got the Orb of Zot
 58377 | Zot:5    | Noticed an orb of fire
 58377 | Zot:5    | Noticed an orb of fire
 58379 | Zot:5    | Killed an orb of fire
 58382 | Zot:5    | Killed an orb of fire
 58391 | Zot:5    | Noticed Fiaj the pandemonium lord
 58395 | Zot:5    | Noticed an orb of fire
 58395 | Zot:5    | Noticed an orb of fire
 58396 | Zot:5    | Noticed an orb of fire
 58399 | Zot:5    | Killed an orb of fire
 58400 | Zot:5    | Killed an orb of fire
 58401 | Zot:5    | Gained mutation: You are weak. (Str -2) [an orb of fire]
 58402 | Zot:5    | Killed an orb of fire
 58640 | Depths:1 | Noticed Cuytt the pandemonium lord
 58646 | Depths:1 | Killed Cuytt the pandemonium lord
 58694 | D:13     | Noticed Kibriul the pandemonium lord
 58938 | D:$      | Escaped with the Orb!

Illustrated notes

Levels and vault maps discovered:
D:1:      reono_arrival_forest_river, layout_basic
D:2:      layout_basic, st_stairs_2, minmay_shallow_snake_nest, uniq_sigmund
D:3:      layout_loops_corners, minmay_misc_feat_enclosed, item_on_display_a
D:4:      layout_cave_pools, minmay_temple_entry_gardened_gates
D:5:      minmay_opposing_rooms, layout_basic
D:6:      layout_rooms, elyvilon_altar_4
D:7:      layout_gridville, lemuel_tele_altar, nicolae_ru_path_of_blood,
          enter_ossuary_3, serial_shops, nicolae_shop_stone, uniq_jeremiah
D:8:      layout_gridville, due_lair_maze_entry_diamond, serial_shops, shop,
          chequers_serial_rivers_micro_c
D:9:      layout_basic, erik_orc_4, minmay_fractal_squares_diagonal_5,
          uniq_erolcha
D:10:     layout_basic, uniq_nergalle
D:11:     layout_cave_pools, ebering_ghost_inner_flame, grunt_ministairs_4,
          hangedman_decor_diamond_cutter
D:12:     layout_basic, serial_shops, bzr_entry_islet, nzn_wu_jian_contemplation
D:13:     layout_rooms, led_sif_book
D:14:     layout_basic, grunt_vaults_entry_fortified, grunt_decor_fettered,
          serial_aquarium, aquarium_bridge_long_separate
          [aquarium_subvault_window, aquarium_subvault_window,
          aquarium_subvault_bridge, aquarium_subvault_wall,
          aquarium_subvault_window, aquarium_subvault_bridge],
          aquarium_window_corridor_3, aquarium_window_2, aquarium_window_2,
          aquarium_window_fake, aquarium_view_2c, uniq_azrael
D:15:     grunt_enter_depths_hoard, layout_loops_cross, uniq_rupert
Temple:   compressed_dpeg_triangle_lava_temple
Lair:1:   layout_cave_shapes, portal_ice_cave_rime
Lair:2:   layout_cave_pods, elwin_shoals_entry_stream
Lair:3:   layout_regular_city, hellmonk_spider_entry_life_and_decay,
          lemuel_fruit_fields, lemuel_fruit_fields, infiniplex_staircase_pool_2
Lair:4:   layout_gridlike, slime_entry_1
Lair:5:   due_jungle_book, layout_long_grid, dpeg_oklob_1
Shoals:1: layout_shoals
Shoals:2: layout_shoals, uniq_polyphemus, uniq_ilsuiw
Shoals:3: layout_shoals, nicolae_shoals_seven_spires
Shoals:4: shoals_end_hellmonk_storm_palace [storm_palace_center_square,
          storm_palace_corner_reverse_hut, storm_palace_corner_reverse_hut,
          storm_palace_corner_narrow, storm_palace_corner_pillars]
Spider:1: layout_chambers, nicolae_spider_circle_web, drop_trap, uniq_roxanne
Spider:2: layout_cave_pods
Spider:3: layout_spider_delve, nicolae_spider_some_kinda_spiderbox, uniq_louise
Spider:4: spider_rune_water, uniq_mara
Slime:1:  layout_caves
Slime:2:  layout_caves, nicolae_slime_rock_hall_of_fame
Slime:3:  layout_caves
Slime:4:  layout_caves
Slime:5:  slime_pit
Orc:1:    layout_diamond_mine, serial_shops, nicolae_square_shop, basic_altar,
          uniq_jorgrun
Orc:2:    st_orc_pillars, layout_caves, mines2_david
Elf:1:    eino_elf_arrival_customs, layout_onion_city, minivault_28,
          grunt_ministairs_12, nicolae_concentric_dashed_squares_mild,
          amcnicky_mini_rare_corridor_liquid, uniq_agnes, uniq_aizul
Elf:2:    elven_hall_of_blades_hangedman_original
          [nicolae_blade_entry_crossed_weapons], layout_loops_cross,
          basic_altar, evilmike_spriggan_trog_shrine
Elf:3:    minmay_elf_hall, layout_geoelf_castle,
          lightli_enter_wizlab_magi_temple
Vaults:1: nicolae_vaults_house_2, vaults_room_corners, ontoclasm_vaults_bender,
          nicolae_vaults_storage_closets_1, nicolae_vaults_storage_room_doors,
          layout_vaults_quadrants, uniq_zenata, uniq_saint_roka
Vaults:2: vaults_mumra_hex, v_alt_pattern_6, v_misc_16,
          nicolae_vaults_stairing_the_circle, nicolae_vaults_apartment_2,
          v_misc_27, nicolae_vaults_closet_pinwheel_4, nicolae_vaults_cochlea,
          nicolae_vaults_wrenched, nicolae_vaults_angled_halls,
          nicolae_vaults_asterisk, vaults_dpeg_emergency_exit,
          layout_vaults_omnicross
Vaults:3: minmay_crypt_entry_simple_corners, nicolae_vaults_tetromino_T_1,
          nicolae_vaults_wine_cellar, nicolae_vaults_house_2,
          hangedman_vaults_slice, serial_library_hellmonk_big_corner,
          nicolae_vaults_surprise_closet, nicolae_vaults_offset_grid_hallway_2,
          nicolae_vaults_tetromino_L_1, nicolae_vaults_holding_cells,
          nicolae_vaults_hexular_roomagon, nicolae_vaults_house_3,
          vaults_room_door_ring, nicolae_vaults_trapezoid_3,
          layout_vaults_chaotic_city, serial_shops, shop
Vaults:4: v_misc_28, hangedman_vaults_nodes, nicolae_vaults_ring_of_whatevers,
          vaults_dpeg_ring, vaults_room_ringed_pool,
          nicolae_vaults_closet_pinwheel_5, ontoclasm_vaults_eye,
          nicolae_vaults_hexular_roomagon, nicolae_vaults_offset_grid_hallway_4,
          v_pattern_2, grunt_vaults_funnel, nicolae_vaults_rhombus_7,
          layout_vaults_omnibox, uniq_boris, uniq_jory
Vaults:5: serial_shops, uniq_mennas
Crypt:1:  layout_regular_city, grunt_crypt_arrival_split, uniq_bai_suzhen
Crypt:2:  layout_catacombs, nicolae_crypt_knee_deep_in_the_dead
Crypt:3:  quadcrypt_mu
Tomb:1
Tomb:2
Tomb:3
Depths:1: layout_gridlike, enter_trove_2, pf_coc_iceberg,
          nicolae_vehumet_altar_sigil, nicolae_hepliaklqana_hippocampus,
          minmay_shoptagon
Depths:2: thingy_vault_2, layout_basic, hell_entry, chequers_decorated_corner,
          rand_demon_pan_entry_8, corexii_leaking_fountain, st_stairs_10
Depths:3: tekkud_shrikecote, layout_basic, enter_ziggurat_b, abyss_entry,
          kennysheep_boxes, hell_entry, pan_entry, grunt_ministairs_13,
          nicolae_shop_i_like_big_books, uniq_vv
Depths:4: evilmike_zot_entry_hall, layout_cave_shapes,
          minmay_misc_feat_ornament, pf_hell_entry_great_geh, nicolae_tricolors
Zot:1:    circus_mu, layout_misc_corridors, regret_index_zotdec_twisting_globes
Zot:2:    gammafunk_sealed_arena, layout_twisted_circle
Zot:3:    lemuel_halls_of_wrath, layout_basic
Zot:4:    gammafunk_dig_for_victory, layout_basic,
          hangedman_zot_decor_checkerboard, st_stairs_7
Zot:5:    layout_misc_corridors

Skill      XL: |  1  2  3  4  5  6  7  8  9 10 11 12 13 14 15 16 17 18 19 20 21 22 23 24 25 26 27 |
---------------+----------------------------------------------------------------------------------+-----
Stealth        | 1 2 3 4 5 6 7 8 |  8.0
Unarmed Combat | 3 4 5 6 7 8 9 10 12 14 15 16 17 19 20 21 22 23 24 25 26 27 | 27.0
Dodging        | 4 5 6 7 8 10 11 12 13 14 | 14.1
Shields        | 4 5 6 |  6.0
Fighting       | 4 5 6 7 9 10 11 12 13 14 15 16 18 19 20 21 22 23 24 27 | 27.0
Evocations     | 1 2 3 4 |  4.1
Shapeshifting  | 1 2 4 7 9 10 11 12 13 14 15 16 18 19 20 21 22 26 | 26.2
Throwing       | 2 4 |  4.0
Short Blades   | 3 5 7 8 |  8.0
Spellcasting   | 5 6 |  6.3
Necromancy     | 3 5 |  5.4

Action                     |  1- 3 |  4- 6 |  7- 9 | 10-12 | 13-15 | 16-18 | 19-21 | 22-24 | 25-27 || total
---------------------------+-------+-------+-------+-------+-------+-------+-------+-------+-------++-------
  Melee: Unarmed           |    71 |   116 |   292 |   619 |   886 |   653 |   734 |   825 |  1357 ||  5553
         Tentacles         |    15 |    20 |    81 |   113 |   101 |   173 |   174 |   173 |   187 ||  1037
         Constrict         |    23 |    27 |    71 |    98 |   139 |   177 |   153 |   103 |   166 ||   957
         Punch             |     1 |     4 |    10 |    22 |    45 |    93 |   107 |   126 |   236 ||   644
         Maw               |       |       |       |       |    88 |   209 |    30 |       |       ||   327
         Dagger            |       |       |       |       |    26 |    71 |    66 |    25 |    37 ||   225
         Kick              |       |       |       |       |       |       |       |       |   339 ||   339
  Throw: Stone             |       |     3 |     6 |       |       |       |       |       |       ||     9
         Boomerang         |       |       |     7 |    22 |       |       |       |       |       ||    29
         Dart              |       |       |       |     7 |     3 |     2 |       |     3 |       ||    15
   Cast: Fugue of the Fall |       |       |       |       |       |       |       |     2 |     2 ||     4
 Invoke: Serpent's Lash    |       |       |       |     4 |     2 |     5 |     3 |     3 |     4 ||    21
         Heavenly Storm    |       |       |       |       |     5 |     4 |     4 |     4 |     8 ||    25
Ability: Lunge             |       |       |    51 |    80 |    99 |   152 |   104 |   105 |   185 ||   776
         Whirlwind         |       |       |     8 |    84 |   269 |   242 |   265 |   351 |   641 ||  1860
         Wall Jump         |       |       |     5 |    30 |    52 |    22 |    41 |    28 |    23 ||   201
         Blinkbolt         |       |       |       |       |       |       |       |       |     1 ||     1
  Evoke: Wand              |       |       |    21 |     3 |    26 |    18 |     5 |     2 |     7 ||    82
         Sack of spiders   |       |       |       |       |       |     1 |     1 |       |       ||     2
         Lightning rod     |       |       |       |       |       |       |       |     4 |       ||     4
    Use: Scroll            |       |    10 |    13 |     7 |    20 |    10 |     4 |    10 |    13 ||    87
         Potion            |       |       |     3 |    15 |     4 |     8 |     7 |    18 |    23 ||    78
   Stab: Sleeping          |     6 |     8 |    19 |    27 |    23 |    46 |    54 |    19 |    44 ||   246
         Distracted        |       |     1 |       |       |     3 |     3 |     4 |    10 |    10 ||    31
         Invisible         |       |       |       |       |    13 |       |       |       |    31 ||    44
 Armour: Skin              |    22 |    34 |    67 |   292 |   395 |   204 |   224 |   348 |   289 ||  1875
  Dodge: Dodged            |    37 |    43 |    46 |   237 |   343 |   360 |   397 |   542 |   637 ||  2642
  Block: Buckler           |    13 |    20 |    27 |       |       |       |       |       |       ||    60
         Kite shield       |       |       |   109 |   169 |    83 |   280 |   341 |   419 |   342 ||  1743
         Reflection        |       |       |     6 |       |     1 |    15 |    38 |    13 |     8 ||    81
   Form: Serpent           |       |       |       |     2 |     2 |       |       |       |       ||     4
         Blade             |       |       |       |     1 |     4 |       |       |       |       ||     5
                           |       |       |       |     1 |       |       |       |       |       ||     1
         Maw               |       |       |       |       |     3 |       |     1 |       |       ||     4
         Statue            |       |       |       |       |       |     1 |     1 |       |     1 ||     3
         Storm             |       |       |       |       |       |       |       |       |     2 ||     2
